 Dungeon Crawl Stone Soup version 0.27-a0-1188-g73eefd5def (webtiles) character file.

Game seed: 9600813800693325649

127 leviel the Chopper (level 5, -1/46 HPs)
             Began as a Hill Orc Fighter on May 22, 2021.
             Slain by a hound (3 damage)
             ... on level 4 of the Dungeon.
             The game lasted 00:01:43 (554 turns).

leviel the Chopper (Hill Orc Fighter)                Turns: 554, Time: 00:01:44

Health: -1/46      AC:  6    Str: 20    XL:     5   Next: 11%
Magic:  5/5        EV:  7    Int:  8    God:
Gold:   13         SH:  9    Dex: 10    Spells: 4/4 levels left

rFire    . . .     SeeInvis .   a - +0 war axe
rCold    . . .     Faith    .   c - +0 kite shield
rNeg     . . .     Spirit   .   b - +0 scale mail
rPois    .         Reflect  .   (no helmet)
rElec    .         Harm     .   (no cloak)
rCorr    .         Rampage  .   (no gloves)
Will     .....                  (no boots)
Stlth    ..........             (no amulet)
HPRegen  0.15/turn              (no ring)
MPRegen  0.09/turn              (no ring)

@: flying, very slightly contaminated, invisible
A: no striking features
a: no special abilities


You were on level 4 of the Dungeon.
You visited 1 branch of the dungeon, and saw 3 of its levels.

You collected 13 gold pieces.

Inventory:

Hand Weapons
 a - a +0 war axe (weapon)
Armour
 b - a +0 scale mail (worn)
 c - a +0 kite shield (worn)
Jewellery
 f - a +6 ring of dexterity
 g - a +4 ring of protection
Scrolls
 h - 2 scrolls of teleportation {unknown}
 i - 2 scrolls of blinking {unknown}
Potions
 d - a potion of might


   Skills:
 - Level 3.7 Fighting
 + Level 6.4 Axes
 - Level 3.4 Armour
 - Level 3.5 Shields


You had 4 spell levels left.
You didn't know any spells.
Your spell library contained the following spells:

 Spells                   Type           Power      Damage    Failure   Level
 Magic Dart               Conj           0%         1d3       99%         1
 Searing Ray              Conj           0%         3d3       100%        2
 Dazzling Flash           Conj/Hex       0%         N/A       100%        3
 Fulminant Prism          Conj/Hex       0%         3d6       100%        4
 Iskenderun's Mystic Bla  Conj/Tloc      0%         2d3       100%        4


Dungeon Overview and Level Annotations

Branches:
Dungeon (2/15)

Altars:


Message History

An orc comes into view. It is wielding a +0 flail.
The orc shouts!
An orc priest comes into view. It is wielding a +0 flail.
There are monsters nearby!
It was a potion of flight.
You feel very buoyant.
You fly up into the air.
The orc priest shouts, "Join the one true god or die!" (press Y on the ability menu to convert to Beogh)
The orc priest shouts!
The hound barely misses you.
You hit the hound.
The hound is lightly wounded.
The hound bites you.
* * * LOW HITPOINT WARNING * * *
An orc comes into view. It is wielding a +0 mace.
The hound bites you but does no damage.
You miss the hound.
The hound is lightly wounded.
The orc shouts!
You block the hound's attack. The hound barely misses you.
It was a potion of invisibility.
You fade into invisibility!
You block the hound's attack. The orc hits you but does no damage.
You are very lightly contaminated with residual magic.
You slash the hound!
The hound is severely wounded.
You slash the orc!
You kill the orc!
You feel a little less mighty now. The hound bites you.
* * * LOW HITPOINT WARNING * * *
The hound bites you.
* * * LOW HITPOINT WARNING * * *
The hound bites you but does no damage. You block the hound's attack.
You see here 8 gold pieces.
You block the hound's attack. The hound bites you.
You die...

#...# #.#.# # ###
#.# . #.. #.## .#
#.# #..## .#
#.###...##.#
#..###.##..#####
###...##.##......J
#..@.......†.#
#.#.h.##..#).# #
##$o##..#..#
##o##!......
#....)##........
#.#..#####.>J.....
#.. #....... #..
....... #.. .....


You could see a hound, an orc priest and an orc.

Vanquished Creatures
  A water moccasin (D:4)
  An orc (D:4)
  2 endoplasms
  2 giant cockroaches (D:1)
  2 goblins
  4 hobgoblins (D:1)
  A quokka (D:1)
  4 bats
  A frilled lizard (D:2)
  2 kobolds (D:1)
  A rat (D:1)
21 creatures vanquished.

Notes
Turn   | Place    | Note
-------+----------+-------------------------------------------
     0 | D:1      | leviel the Hill Orc Fighter began the quest for the Orb.
     0 | D:1      | Reached XP level 1. HP: 19/19 MP: 1/1
    63 | D:1      | Reached XP level 2. HP: 26/27 MP: 2/2
    83 | D:1      | Reached skill level 3 in Axes
   147 | D:1      | Found a faded altar of an unknown god.
   507 | D:2      | You fall into a shaft and drop 2 floors!
   516 | D:4      | Noticed a water moccasin
   527 | D:4      | Killed a water moccasin
   528 | D:4      | Reached skill level 6 in Axes
   528 | D:4      | Reached XP level 3. HP: 9/33 MP: 3/3
   528 | D:4      | Reached XP level 4. HP: 11/40 MP: 4/4
   528 | D:4      | Reached XP level 5. HP: 12/46 MP: 5/5
   551 | D:4      | HP: 2/46 [hound (1)]
   554 | D:4      | Slain by a hound

Illustrated notes

Levels and vault maps discovered:
D:1:      lightli_arrival_lavapool, layout_rooms,
          ebering_ecumenical_altar_petrified
D:2:      layout_basic, basic_altar
D:4:      cheibrodos_thug_alley, layout_loops_ring, ebering_ghost_inner_flame,
          minmay_misc_feat_enclosed, minmay_misc_feat_alley

Skill      XL: |  1  2 |
---------------+-------+-----
Axes           | 6 |  6.4
Fighting       | |  3.7
Armour         | |  3.4
Shields        | |  3.5

Action                   |  1- 3 |  4- 6 || total
-------------------------+-------+-------++-------
Melee: War axe           |    45 |     4 ||    49
  Use: Potion            |     1 |     2 ||     3
       Scroll            |     1 |       ||     1
Armor: Scale mail        |    27 |     3 ||    30
Dodge: Dodged            |    13 |     2 ||    15
Block: Kite shield       |    35 |     4 ||    39

Table legend: (Time is in decaauts)
 A = Elapsed time spent in this place.
 B = Non-inter-level travel time spent in this place.
 C = Inter-level travel time spent in this place.
 D = Time resting spent in this place.
 E = Time spent auto-exploring this place.
 F = Levels seen in this place.
 G = Mean time per level.
                   A        B        C        D        E       F      G
               +--------+--------+--------+--------+--------+-----+--------+
         Total |    581 |    563 |     18 |     10 |    410 |   3 |  193.7 |
       Dungeon |    581 |    563 |     18 |     10 |    410 |   3 |  193.7 |
               +--------+--------+--------+--------+--------+-----+--------+

Top non-repeatable levels by time:
     D:1: 480 daAuts
     D:4: 52 daAuts
     D:2: 47 daAuts
